 Dungeon Crawl Stone Soup version 0.31-a0-659-gc5a091b79a (webtiles) character file.

Game seed: 12730365831055662333

13428791 UrugIsMale the Merry Demigod (level 27, 273/273 HPs)
             Began as a Demigod Hunter on Aug 30, 2023.
             Escaped with the Orb
             ... and 15 runes on Aug 31, 2023!
             The game lasted 06:56:05 (119511 turns).

UrugIsMale the Merry Demigod (Demigod Hunter)     Turns: 119511, Time: 06:56:06

Health: 273/273    AC: 21    Str: 18    XL:     27
Magic:  37/47      EV: 78    Int: 15    God:
Gold:   13933      SH:  0    Dex: 62    Spells: 3/40 levels left

rFire   + + .        a - +9 longbow (heavy)
rCold   + + +        (shield currently unavailable)
rNeg    + . .        r - +4 skin of Zhor {*Englaciate rC+++ SInv}
rPois   +            v - +2 helmet {Int+3}
rElec   +            g - scarf of the Furies {repulsion, Contam rElec rPois Will+}
rCorr   .            O - +2 pair of gloves {hurl}
SInv    +            m - +2 pair of boots {Fly}
Will    +++..        Y - amulet of Cohi Ano {Regen+ MP+9 Str+2 Dex+6}
Stlth   ++++         j - ring of Xoheobu {rF+ rN+}
HPRegen 1.45/turn    L - ring "Dosunk" {rF+ Int+2 Dex+4}
MPRegen 0.30/turn

%: repel missiles
@: flying, studying 2 skills
A: high MP 1, forlorn, divine attributes, iridescent scales 1, deterioration 1,
mutation resistance 1, strong 1
0: Orb of Zot
}: 15/15 runes: decaying, slimy, silver, golden, iron, obsidian, icy, bone,
abyssal, demonic, glowing, magical, fiery, dark, gossamer
a: no special abilities


You escaped.
You visited 17 branches of the dungeon, and saw 87 of its levels.
You visited Pandemonium 1 time, and saw 19 of its levels.
You visited the Abyss 2 times.
You also visited: Ossuary and Ice Cave.

You collected 19712 gold pieces.
You spent 5779 gold pieces at shops.

Inventory:

Hand Weapons
 a - a +9 heavy longbow (weapon)
 b - the +1 arbalest of the Ghost {penet, Dex+3 Stlth+}
   (You found it on level 8 of the Dungeon)

   Dex+3:     It affects your dexterity (+3).
   Stlth+:    It makes you more stealthy.
 s - the +8 Vampire's Tooth {megavamp}
   (You found it on level 3 of the Tomb of the Ancients)
 w - a +9 antimagic longbow
 V - a +2 antimagic quick blade
Missiles
 B - 5 darts of dispersal
 G - 20 curare-tipped darts
 S - 10 throwing nets
Armour
 g - the scarf of the Furies (worn) {repulsion, Contam rElec rPois Will+}
   (You found it on level 8 of the Dungeon)

   rElec:     It insulates you from electricity.
   rPois:     It protects you from poison Will+: It increases your willpower.
   Contam:    It causes magical contamination when unequipped.
 m - a +2 pair of boots of flying (worn)
 r - the +4 skin of Zhor (worn) {*Englaciate rC+++ SInv}
   (You bought it in a shop on level 2 of the Orcish Mines)

   *Englaciate: It radiates cold, occasionally slowing all nearby creatures who
   are not resistant to cold.
   rC+++:     It renders you almost immune to cold.
   SInv:      It lets you see invisible.
 v - a +2 helmet of intelligence (worn)
 O - a +2 pair of gloves of hurling (worn)
Jewellery
 j - the ring of Xoheobu (left hand) {rF+ rN+}
   (You bought it in a shop on level 6 of the Dungeon)

   [ring of positive energy]

   rF+:       It protects you from fire.
   rN+:       It protects you from negative energy.
 K - the ring "Lovaxkeaga" {Wiz rCorr Dex+2}
   (You found it on level 5 of the Vaults)

   [ring of wizardry]

   Wiz:       It improves your spell success rate.
   Dex+2:     It affects your dexterity (+2).
   rCorr:     It protects you from acid and corrosion.
 L - the ring "Dosunk" (right hand) {rF+ Int+2 Dex+4}
   (You took it off a balrug on level 7 of Gehenna)

   [ring of protection from fire]

   Int+2:     It affects your intelligence (+2).
   Dex+4:     It affects your dexterity (+4).
   rF+:       It protects you from fire.
 P - the ring of Xom's Capriciousness {Fly Will+}
   (You found it on level 3 of the Tomb of the Ancients)

   [ring of flight]

   Will+:     It increases your willpower.
   Fly:       It grants you flight.
 W - the ring "Kealavahop" {rF+ rN+}
   (You took it off a demonspawn corrupter in Pandemonium)

   [ring of positive energy]

   rF+:       It protects you from fire.
   rN+:       It protects you from negative energy.
 X - the ring of the Devil {rN+ rCorr Int+6 Dex+3 Stlth-}
   (You found it on level 3 of the Crypt)

   [ring of positive energy]

   Int+6:     It affects your intelligence (+6).
   Dex+3:     It affects your dexterity (+3).
   rN+:       It protects you from negative energy.
   rCorr:     It protects you from acid and corrosion.
   Stlth-:    It makes you less stealthy.
 Y - the amulet of Cohi Ano (around neck) {Regen+ MP+9 Str+2 Dex+6}
   (You bought it in a shop on level 1 of the Elven Halls)

   [amulet of regeneration]

   Str+2:     It affects your strength (+2).
   Dex+6:     It affects your dexterity (+6).
   MP+9:      It affects your magic capacity (+9).
   Regen+:    It increases your rate of health regeneration.
Wands
 A - a wand of quicksilver (71)
 E - a wand of paralysis (115)
 I - a wand of digging (29)
 J - a wand of iceblast (92)
Scrolls
 h - 8 scrolls of teleportation
 n - 22 scrolls of fear
 o - 10 scrolls of vulnerability
 u - 2 scrolls of fog
 C - 5 scrolls of immolation
 F - a scroll of butterflies
 M - 18 scrolls of poison
 N - 4 scrolls of summoning
 R - 3 scrolls of silence
 T - 9 scrolls of blinking
 Z - 5 scrolls of revelation
Potions
 c - 6 potions of resistance
 d - 10 potions of mutation
 e - 2 potions of magic
 i - 30 potions of curing
 k - 9 potions of attraction
 l - 15 potions of lignification
 p - a potion of haste
 q - 7 potions of enlightenment
 t - 6 potions of invisibility
 x - 15 potions of heal wounds
 z - 10 potions of brilliance
 D - 9 potions of ambrosia
Miscellaneous
 f - a phantom mirror
 Q - the horn of Geryon
 U - a box of beasts


   Skills:
 O Level 27 Fighting
 - Level 14.0 Short Blades
 O Level 27 Ranged Weapons
 - Level 1.0 Throwing
 * Level 21.2 Armour
 O Level 27 Dodging
 * Level 25.8 Stealth
 - Level 7.0 Spellcasting
 - Level 5.6 Hexes
 - Level 10.0 Necromancy
 * Level 25.9 Translocations
 - Level 7.1 Transmutations
 - Level 10.8 Earth Magic
 + Level 20.1 Evocations


You had 3 spell levels left.
You knew the following spells:

 Your Spells              Type           Power      Damage    Failure   Level
a - Blink                 Tloc           100%       N/A       0%          2
b - Dispersal             Tloc           35%        N/A       1%          6
c - Apportation           Tloc           100%       N/A       0%          1
d - Passage of Golubria   Tloc           70%        N/A       0%          4
e - Passwall              Tmut/Erth      26%        N/A       1%          2
f - Borgnjor's Vile Clut  Necr/Erth      18%        N/A       5%          5
g - Lesser Beckoning      Tloc           100%       N/A       0%          2
h - Disjunction           Tloc           35%        N/A       1%          8
i - Portal Projectile     Hex/Tloc       100%       N/A       1%          3
j - Vhi's Electric Charg  Tloc/Air       88%        N/A       1%          4

Your spell library contained the following spells:

 Spells                   Type           Power      Damage    Failure   Level
 Gell's Gravitas          Tloc           70%        N/A       0%          3
 Teleport Other           Tloc           70%        N/A       0%          3
 Kiss of Death            Conj/Necr      80%        2d11      1%          1
 Necrotise                Necr           100%       1d9       1%          1
 Sandblast                Erth           74%        2d16      1%          1
 Slow                     Hex            88%        N/A       1%          1
 Wereblood                Tmut           26%        N/A       1%          2
 Vampiric Draining        Necr           35%        2d8       1%          3
 Volatile Blastmotes      Fire/Tloc      88%        2d17      1%          3
 Confusing Touch          Hex            22%        N/A       3%          3
 Tukima's Dance           Hex            22%        N/A       3%          3
 Cigotuvi's Dreadful Rot  Necr/Pois/Air  30%        N/A       4%          2
 Stone Arrow              Conj/Erth      42%        3d9       4%          3
 Ensorcelled Hibernation  Hex/Ice        26%        N/A       6%          2
 Inner Flame              Hex/Fire       13%        N/A       12%         3
 Summon Guardian Golem    Hex/Summ       13%        N/A       12%         3
 Foxfire                  Conj/Fire      20%        2x1d5     13%         1
 Freeze                   Ice            20%        1d4       13%         1
 Magic Dart               Conj           20%        1d4       13%         1
 Shock                    Conj/Air       20%        1d4       13%         1
 Summon Small Mammal      Summ           20%        N/A       13%         1
 Ignite Poison            Fire/Tmut/Pois 12%        N/A       16%         3
 Call Imp                 Summ           10%        N/A       21%         2
 Scorch                   Fire           10%        2d5       21%         2
 Searing Ray              Conj           10%        2d4       21%         2
 Static Discharge         Conj/Air       10%        2-3/arc   21%         2
 Call Canine Familiar     Summ           5%         N/A       36%         3
 Frozen Ramparts          Ice            10%        1d2       36%         3
 Hailstorm                Conj/Ice       5%         3d4       36%         3
 Mephitic Cloud           Conj/Pois/Air  5%         N/A       36%         3
 Ozocubu's Armour         Ice            5%         N/A       36%         3
 Manifold Assault         Tloc           70%        N/A       0%          4
 Iskenderun's Mystic Bla  Conj/Tloc      44%        2d10      1%          4
 Summon Forest            Summ/Tloc      22%        N/A       1%          5
 Dispel Undead            Necr           35%        3d15      2%          4
 Petrify                  Tmut/Erth      32%        N/A       3%          4
 Leda's Liquefaction      Hex/Erth       14%        N/A       4%          4
 Lee's Rapid Deconstruct  Erth           18%        3d11*     4%          5
 Anguish                  Hex/Necr       14%        N/A       5%          4
 Cause Fear               Hex            11%        N/A       13%         4
 Animate Armour           Summ/Erth      42%        N/A       14%         4
 Yara's Violent Unravell  Hex/Tmut       12%        3d7       26%         5
 Death Channel            Necr           17%        N/A       32%         6
 Fulminant Prism          Conj/Hex       6%         3d7       38%         4
 Alistair's Intoxication  Tmut/Pois      10%        N/A       63%         5
 Irradiate                Conj/Tmut      8%         3d14      63%         5
 Metabolic Englaciation   Hex/Ice        6%         N/A       75%         5
 Summon Mana Viper        Hex/Summ       13%        N/A       75%         5
 Airstrike                Air            2%         2d(1-17)  78%         4
 Flame Wave               Conj/Fire      5%         2d5       78%         4
 Sticky Flame             Conj/Fire      5%         2d3       78%         4
 Summon Ice Beast         Ice/Summ       5%         N/A       78%         4
 Summon Lightning Spire   Summ/Air       5%         N/A       78%         4
 Leda's Unmaking          Conj/Erth      10%        9d3       92%         6
 Simulacrum               Ice/Necr       10%        N/A       95%         6
 Arcjolt                  Conj/Air       2%         1d12      98%         5
 Fireball                 Conj/Fire      2%         3d4       98%         5
 Freezing Cloud           Conj/Ice/Air   2%         6-21      98%         5
 Iskenderun's Battlesphe  Conj           5%         2d6       98%         5
 Eringya's Noxious Bog    Tmut/Pois      8%         4d6       99%         6
 Conjure Ball Lightning   Conj/Air       2%         3x3d6     100%        6
 Plasma Beam              Fire/Air       2%         2x1d12    100%        6
 Starburst                Conj/Fire      2%         6d3       100%        6
 Summon Cactus Giant      Summ           2%         N/A       100%        6
 Enfeeble                 Hex            11%        N/A       100%        7
 Haunt                    Necr/Summ      10%        N/A       100%        7
 Monstrous Menagerie      Summ           2%         N/A       100%        7
 Orb of Destruction       Conj           2%         9d5       100%        7
 Spellforged Servitor     Conj/Summ      2%         N/A       100%        7
 Summon Hydra             Summ           2%         N/A       100%        7
 Borgnjor's Revivificati  Necr           17%        N/A       100%        8
 Discord                  Hex            11%        N/A       100%        8
 Ignition                 Fire           2%         3d3       100%        8
 Maxwell's Capacitive Co  Air            2%         ∞         100%        8
 Death's Door             Necr           17%        N/A       100%        9
 Dragon's Call            Summ           2%         N/A       100%        9


Dungeon Overview and Level Annotations

Branches:
Dungeon (15/15)            Temple (0/1) D:7            Lair (5/5) D:9
  Swamp (4/4) Lair:2       Spider (4/4) Lair:2        Slime (5/5) Lair:4
    Orc (2/2) D:11            Elf (3/3) Orc:2        Vaults (5/5) D:13
  Crypt (3/3) Vaults:3       Tomb (3/3) Crypt:3      Depths (4/4) D:15
   Hell (visited)             Dis (7/7) Hell            Geh (7/7) Hell
    Coc (7/7) Hell            Tar (7/7) Hell            Zot (5/5) Depths:4
Ossuary (visited)           IceCv (visited)

Shops:
D:3 [   D:4 *   D:6 =   D:10 [   Orc:2 (!?([   Elf:1 =:=   Elf:2 !:[[   Elf:3 (
Vaults:3 *   Vaults:4 *   Depths:3 :

Portals:
Hell: Depths:1 Depths:2 Depths:3 Depths:4
Abyss: Depths:3
Pandemonium: Depths:2 Depths:3
Ziggurat: Depths:4

Annotations:
Zot:2 1 exclusion
Zot:5 1 exclusion


Innate Abilities, Weirdness & Mutations

You have an increased reservoir of magic. (+10% MP)
You shall have no god before yourself.
Your divine heritage dramatically boosts your attributes as you level up.
You are partially covered in iridescent scales. (AC +2)
Your body sometimes deteriorates upon taking damage.
You are somewhat resistant to further mutation.
Your muscles are strong. (Str +4, Int/Dex -1)


Message History

The Orb Guardian is heavily wounded.
You shoot an arrow. The arrow hits the Orb Guardian!!!
You kill the Orb Guardian!
No target in view!
No target in view!
There is an open door here.
There is an open door here.
You see here a +0 short sword.
There is an escape hatch in the ceiling here.
A mysterious force pulls you upwards. The hatch slams shut behind you.
A smoke demon comes into view.
You shoot an arrow. The arrow hits the smoke demon!
The smoke demon's magic leaks into the air.
The smoke demon is moderately wounded.
You shoot an arrow. The arrow hits the smoke demon!!!
You kill the smoke demon!
No target in view!
There is a staircase leading out of the dungeon here.
You see here a +0 leather armour.
Unknown command.
You feel magic returning to you.
You feel agile.
Your hands briefly pass through it before you manage to get a firm grip on it.
b - the +1 arbalest of the Ghost (weapon)
{penet, Dex+3 Stlth+} Magic courses through your body.
w - a +9 heavy longbow (weapon)
Adjust to which letter? (? for menu, Esc to quit)
a - a +9 heavy longbow (weapon);
w - a +9 antimagic longbow You are flying.
You are studying Short Blades and Unarmed Combat.
Your flying speed is average.
Your attack delay is about 1.0 (and cannot be improved with additional weapon skill).
Your damage rating with your +9 heavy longbow is about 137 (Base [14 + 11 (Hvy)] x 230% (Dex) x 223% (Skill) + 9 (Ench)).
Your base attributes are Str 12, Int 11, Dex 53.
Unknown command.
Unknown command.
Okay, then.
Unknown command.
You can't go down here!
You have escaped!

#.###.........# ##..######
#(......#.##### #....###..
####......############........#
#......#......................
#.#..#.#.##+###'####.....#.#..
#.#..#...#≈§≈§≈.≈# #.....#.#..
#.#......#§§.≈.≈≈###.....#.#..
#.#......#§≈§..≈≈#.......#.#..
#.##....§.§§.@.≈...##....#.#..
#........#≈≈...≈≈#.##....#.#..
#####....#≈≈.§§§≈#.#######.#..
###.##≈.≈§≈§≈#.#######....
#....##+###+##......######
#.#..........'......#
######.######.#####......######
#.................'............
##.###########'#####............


There were no monsters in sight!

Vanquished Creatures
  Cerebov (Pan)
  Asmodeus (Geh:7)
  Antaeus (Coc:7)
  the Royal Jelly (Slime:5)
  Lom Lobon (Pan)
  Gloorx Vloq (Pan)
  the Serpent of Hell (Tar:7)
  Dispater (Dis:7)
  8 dread liches
  5 orbs of fire
  Mennas (Vaults:5)
  6 juggernauts
  9 ancient liches
  34 royal mummies
  Parghit (Zot:4)
  3 Killer Klowns (Zot:5)
  12 shard shrikes
  41 caustic shrikes
  Margery (Crypt:1)
  4 curse toes
  Xtahua (Vaults:3)
  17 pandemonium lords
  15 golden dragons
  Geryon (Hell)
  Jory (Vaults:5)
  Nikola (Spider:2)
  44 bone dragons
  10 profane servitors
  9 iron giants
  Zenata (Vaults:1)
  7 electric golems
  16 doom hounds
  30 Brimstone Fiends
  19 Tzitzimimeh
  20 hellephants
  21 tentacled monstrosities
  20 liches
  12 titans
  24 Hell Sentinels
  Asterion (Depths:1)
  38 searing wretches
  The ghost of tensugalgo the Metamorph, an adept DrSh of Makhleb (Depths:1)
  26 Orb Guardians
  33 Ice Fiends
  2 deep elf master archers (Elf:3)
  A walking divine tome (Depths:3)
  27 acid blobs
  10 quicksilver dragons
  11 sphinxes
  3 deep elf blademasters
  20 tainted leviathans
  33 Executioners
  36 ancient champions
  7 death cobs
  An eldritch tentacle (Tomb:3)
  A storm dragon (shapeshifter) (Depths:4)
  13 tentacled starspawn
  9 tengu reavers
  20 storm dragons
  2 fenstrider witches
  An azure jelly (shapeshifter) (Zot:3)
  9 rockslimes
  11 shadow dragons
  25 azure jellies
  5 draconian knights
  9 draconian monks
  8 demonspawn warmongers (Pan)
  3 revenants
  13 frost giants
  10 narguns
  3 emperor scorpions
  18 fire giants
  17 quicksilver elementals
  2 daevas
  8 draconian scorchers
  7 deep elf sorcerers
  15 iron dragons
  A spectral juggernaut (Tar:3)
  13 ghost moths
  Louise (Elf:1)
  59 balrugs
  2 spectral caustic shrikes
  An angel (D:9)
  3 orc warlords
  8 draconian stormcallers
  A deep elf elementalist (Elf:3)
  7 shard shrike simulacra
  4 curse skulls
  A juggernaut zombie (Hell)
  15 demonspawn corrupters (Pan)
  10 spriggan defenders
  23 vault wardens
  11 ghouls
  4 draconian shifters
  A caustic shrike skeleton (Pan)
  23 cacodemons
  9 ironbound thunderhulks
  2 caustic shrike zombies
  The ghost of gyole the Jinx, an adept SpHu of Okawaru (Elf:3)
  11 draconian annihilators
  21 demonspawn blood saints
  4 formless jellyfish
  2 juggernaut skeletons
  16 quicksilver oozes
  4 broodmothers
  29 reapers
  23 ironbound preservers
  24 very ugly things
  33 war gargoyles
  7 deep elf demonologists
  14 stone giants
  27 elemental wellsprings
  13 green draconians
  14 vampire knights
  11 putrid mouths
  11 black draconians
  8 bennus
  8 red draconians
  13 purple draconians
  13 yellow draconians
  A green draconian (shapeshifter) (Zot:3)
  8 deep elf annihilators
  4 eleionomae
  10 white draconians
  32 lorocyprocas
  A minotaur (shapeshifter) (Elf:3)
  7 spark wasps
  18 demonspawn black suns
  4 dire elephants
  66 starcursed masses
  19 wendigos
  2 bunyips (Swamp:3)
  6 crystal guardians
  22 blizzard demons
  14 eidola
  15 deep elf death magi
  A spectral quicksilver dragon (Tar:3)
  36 iron golems
  21 green deaths
  10 entropy weavers
  5 ettins
  20 yaktaur captains
  25 mummy priests
  4 fire dragons
  A spectral iron giant (Tar:7)
  The ghost of blacky4 the Jinx, a journeyman SpEn of Vehumet (Lair:2)
  3 deep elf high priests
  25 jiangshi
  8 hydras
  2 spectral spriggans
  A shambling mangrove (Swamp:3)
  10 hell beasts
  19 great orbs of eyes
  A spriggan zombie (Abyss:3)
  An ogre mage (Vaults:5)
  10 juggernaut simulacra
  7 salamander tyrants
  An Orb Guardian zombie (Crypt:1)
  9 caustic shrike simulacra
  2 spriggan skeletons
  8 rakshasas
  10 alligators
  10 ice dragons
  3 peacekeepers
  33 vault guards
  3 ghost crabs
  A catoblepas (Lair:4)
  A hydra (shapeshifter) (Elf:3)
  5 spriggan air magi
  5 two-headed ogres
  An alligator (shapeshifter) (Elf:3)
  5 radroaches
  6 death knights
  6 stokers
  18 ironbound frosthearts
  34 demonic crawlers
  13 boulder beetles
  11 death yaks
  11 deep troll shamans
  9 vampire magi
  21 centaur warriors
  4 tengu warriors
  9 deep troll earth magi
  42 death scarabs
  34 hell hogs
  15 thrashing horrors
  36 dancing weapons
  An orc high priest (Orc:2)
  A shock serpent (shapeshifter) (Elf:3)
  2 spectral dire elephants
  11 hell knights
  5 spriggan berserkers
  115 sun demons
  48 soul eaters
  3 titan zombies
  14 crystal echidnas
  17 wretched stars
  22 deep elf knights
  33 shadow wraiths
  4 titan skeletons
  27 skeletal warriors
  A spectral bunyip (Tar:1)
  3 shock serpents (Pan)
  A fire crab (shapeshifter) (D:14)
  A skyshark (Lair:5)
  3 sun moths
  6 iron trolls
  Lodul (D:13)
  A storm dragon skeleton (Hell)
  27 sixfirhies
  2 goliath frogs
  A spriggan druid (Swamp:4)
  2 death drakes
  5 pharaoh ants
  4 quicksilver dragon simulacra
  A spatial maelstrom (Abyss:4)
  15 deep elf archers
  5 swamp dragons
  59 deep trolls
  An anaconda zombie (Tomb:2)
  14 orb spiders
  8 flayed ghosts
  2 kraken simulacra (Coc:7)
  A glowing orange brain (shapeshifter) (Elf:3)
  20 shadow demons (Pan)
  5 steelbarb worms
  8 bog bodies
  A swamp dragon (shapeshifter) (Elf:3)
  7 glowing orange brains
  2 spectral anacondas
  An anaconda skeleton (Pan)
  19 ironbound convokers
  A spectral hydra (Swamp:4)
  A fenstrider witch simulacrum (Abyss:1)
  94 slime creatures
  18 wizards
  14 lindwurms
  A shadow dragon zombie (Tomb:1)
  4 harpies (Vaults:3)
  4 alligator zombies
  3 bunyip skeletons
  34 deep elf pyromancers
  7 orc knights
  54 ugly things
  A lindwurm (shapeshifter) (Vaults:5)
  5 orc sorcerers
  10 phantasmal warriors
  27 wolf spiders
  8 shining eyes
  An eleionoma zombie (Crypt:2)
  7 necromancers
  A shining eye (shapeshifter) (Depths:4)
  A frost giant zombie (Crypt:1)
  8 cyclopes
  6 manticores
  A faun (shapeshifter) (Elf:3)
  25 deep elf zephyrmancers
  2 wolf spiders (shapeshifter) (Vaults:5)
  3 worldbinders
  12 elephants
  A manticore (shapeshifter) (Vaults:5)
  4 will-o-the-wisps
  26 moths of wrath
  A salamander (shapeshifter) (Elf:3)
  A titan simulacrum (Coc:7)
  A dire elephant zombie (Tomb:2)
  12 centaur zombies (D:14)
  A fire giant skeleton (Crypt:1)
  14 rust devils
  A spectral centaur (Tar:1)
  A stone giant skeleton (Vaults:2)
  4 apocalypse crabs
  5 molten gargoyles (Hell)
  5 gargoyles
  17 vault sentinels
  A frost giant skeleton (Crypt:1)
  9 black mambas
  6 ice statues
  4 guardian serpents
  26 cane toads
  65 smoke demons
  A dire elephant skeleton (Hell)
  39 orange demons
  A torpor snail (Spider:3)
  84 large abominations
  A centaur skeleton (Abyss:3)
  A torpor snail (shapeshifter) (Vaults:1)
  45 hellions
  A white draconian zombie (Crypt:1)
  3 rime drakes
  9 komodo dragons
  A redback zombie (D:14)
  3 naga skeletons
  2 unseen horrors
  A komodo dragon (shapeshifter) (Depths:3)
  4 swamp worm zombies (Swamp:4)
  2 kobold demonologists
  51 yaktaurs
  A black draconian skeleton (Crypt:2)
  12 freezing wraiths
  9 ice devils
  9 efreet
  35 tormentors
  A yaktaur zombie (Vaults:2)
  An iron giant simulacrum (Coc:5)
  A bunyip simulacrum (Coc:2)
  5 anaconda simulacra
  2 spectral nagas
  A yaktaur (shapeshifter) (Zot:3)
  2 sea snake skeletons (Hell)
  44 guardian mummies
  A golden dragon simulacrum (Vaults:4)
  2 harpy zombies
  7 hydra zombies
  A silent spectre (Tar:5)
  2 spectral harpies
  2 bloated husks (Swamp:4)
  14 red devils
  9 ancient zymes
  A meliai (shapeshifter) (Elf:3)
  6 meliai
  2 queen bees
  A harpy skeleton (Pan)
  7 trolls
  30 tarantellas
  4 spectral swamp dragons (Swamp:4)
  28 hellwings
  25 raiju
  27 blink frogs
  18 hornets
  A raiju (shapeshifter) (D:13)
  2 iron dragon simulacra
  10 tyrant leeches
  76 flying skulls
  33 jumping spiders
  A stone giant simulacrum (Coc:2)
  A meliai zombie (D:14)
  2 merfolk skeletons
  4 shadows
  8 spriggans
  7 air elementals
  57 ynoxinuls
  A wind drake zombie (Crypt:2)
  27 culicivoras
  13 wraiths
  An ice dragon skeleton (Pan)
  22 wyverns
  9 dire elephant simulacra
  An ettin skeleton (Vaults:4)
  4 fire bats (Pan)
  8 basilisks
  4 water elementals
  82 yaks
  A vampire (D:9)
  20 ushabtiu
  16 neqoxecs
  3 fire elementals
  A black mamba skeleton (Pan)
  10 golden eyes
  43 chaos spawn
  3 death yak simulacra (IceCv)
  A sea snake simulacrum (Hell)
  2 steam dragons
  67 redbacks
  19 vampire mosquitoes
  A yaktaur simulacrum (Vaults:4)
  12 spatial vortices (Abyss:2)
  8 swamp worms
  4 wargs
  A demonspawn zombie (Crypt:1)
  A faun zombie (Crypt:1)
  12 harpy simulacra
  An entropy weaver zombie (Crypt:2)
  5 acid dragons
  7 hydra simulacra
  13 hell hounds
  24 water moccasins
  4 swamp drakes
  5 ice beasts
  3 swamp dragon zombies (Swamp:4)
  A hornet zombie (D:14)
  3 black bears
  2 floating eyes
  24 orc warriors
  A sky beast (shapeshifter) (Abyss:4)
  A black bear (shapeshifter) (D:12)
  7 ettin simulacra
  A sky beast (D:8)
  An ice dragon simulacrum (Coc:1)
  12 boggarts
  An elf simulacrum (Vaults:4)
  A manticore skeleton (Crypt:1)
  2 wolves (Lair:3)
  13 ogres
  A swamp dragon skeleton (Tomb:1)
  8 centaurs
  2 phantoms (Swamp:4)
  24 small abominations
  7 kobold brigands
  15 bullfrogs
  A gnoll sergeant (D:12)
  A bullfrog (shapeshifter) (Elf:3)
  10 necrophages
  2 cane toad simulacra (IceCv)
  2 two-headed ogre simulacra (IceCv)
  4 scorpions
  4 earth elementals
  9 wights
  53 killer bees
  4 electric eels
  6 howler monkeys
  A yak skeleton (Crypt:2)
  9 crimson imps
  A wolf skeleton (Crypt:2)
  3 human zombies (Crypt:1)
  A quasit (Abyss:3)
  5 hounds
  11 jellies
  17 orc priests
  A gnoll bouda (D:9)
  2 sleepcaps (D:5)
  2 bullfrog skeletons
  6 iron imps
  9 iguanas
  Terence (D:3)
  24 orc wizards
  A spectral swamp drake (Swamp:4)
  13 hell rats
  10 spriggan simulacra
  2 troll simulacra (IceCv)
  3 polar bear simulacra (IceCv)
  An ice beast zombie (Crypt:2)
  58 mummies
  Robin (D:3)
  6 naga simulacra
  2 river rats (Lair:3)
  3 adders
  A shadow imp (D:7)
  2 swamp drake zombies (Swamp:4)
  10 white imps
  7 ufetubi
  A worm (D:5)
  5 dart slugs
  78 orcs
  A bat zombie (Crypt:2)
  10 endoplasms
  2 giant cockroaches
  16 goblins
  6 hobgoblins
  3 quokkas
  9 ball pythons
  7 bats
  7 frilled lizards
  2 goblin skeletons (D:6)
  A goblin zombie (D:6)
  6 hobgoblin zombies
  17 kobolds
  6 kobold zombies
  An orc skeleton (D:6)
  2 orc zombies
  5 rats
  A butterfly (Zot:3)
  11 creeping infernos
  25 fire vortices
  2 lurking horrors
  8 starspawn tentacles
  A tentacle (Coc:7)
5150 creatures vanquished.

Vanquished Creatures (collateral kills)
  Ereshkigal (Tar:7)
  2 quicksilver dragons (Dis:2)
  Aizul (Swamp:2)
  A ghoul (Crypt:2)
  A putrid mouth (Tar:7)
  A great orb of eyes (Slime:5)
  A boulder beetle (Dis:6)
  A crystal echidna (Dis:6)
  A hellion (Dis:2)
  A tyrant leech (Swamp:2)
11 creatures vanquished.

Vanquished Creatures (others)
  A bone dragon (Tar:7)
  A shadow dragon (Zot:3)
  A shard shrike simulacrum (Coc:5)
  A deep elf zephyrmancer (Elf:3)
  A moth of wrath (Elf:3)
  2 bloated husks
  A tarantella (Spider:1)
  A golden eye (Abyss:3)
  A redback (Elf:3)
  A large abomination (Pan)
  4 phantoms (Swamp:4)
  3 ball lightnings (Pan)
  A creeping inferno (Geh:5)
  A lurking horror (Abyss:3)
  28 starspawn tentacles
  3 tentacles (Coc:7)
51 creatures vanquished.

Grand Total: 5212 creatures vanquished

Notes
Turn   | Place    | Note
-------+----------+-------------------------------------------
     0 | D:1      | UrugIsMale the Demigod Hunter began the quest for the Orb.
     0 | D:1      | Reached XP level 1. HP: 17/17 MP: 3/3
    26 | D:1      | Reached skill level 1 in Stealth
   102 | D:1      | Reached XP level 2. HP: 24/24 MP: 4/4
   853 | D:2      | Reached XP level 3. HP: 29/29 MP: 5/5
  1540 | D:3      | Found Ickalaeb's Antique Armour Shoppe.
  1603 | D:3      | Reached XP level 4. HP: 37/37 MP: 6/6
  1675 | D:3      | Noticed Terence
  1675 | D:3      | Noticed Robin
  1985 | D:3      | Killed Robin
  2312 | D:3      | Killed Terence
  2545 | D:3      | Reached XP level 5. HP: 37/42 MP: 7/7
  3083 | D:4      | Found Qedgh's Assorted Antiques.
  3092 | D:4      | Bought a scroll labelled YBIKKU UDANU for 18 gold pieces
  3092 | D:4      | Bought a dark potion for 16 gold pieces
  3092 | D:4      | Bought an iron wand for 72 gold pieces
  3124 | D:4      | Reached skill level 5 in Ranged Weapons
  3326 | D:4      | Noticed an ogre
  3425 | D:4      | Bought a runed iron wand for 72 gold pieces
  3505 | D:4      | Reached XP level 6. HP: 51/51 MP: 8/8
  4020 | D:5      | Entered Level 5 of the Dungeon
  4027 | D:5      | Reached skill level 1 in Evocations
  4226 | D:5      | Reached XP level 7. HP: 41/57 MP: 4/9
  5294 | D:6      | Noticed a steam dragon
  5306 | D:6      | Killed a steam dragon
  5307 | D:6      | Reached XP level 8. HP: 66/66 MP: 10/10
  5554 | D:6      | Found a sand-covered staircase.
  5559 | Ossuary  | Entered an ossuary
  5938 | D:6      | Found Datugearghu's Jewellery Shoppe.
  6559 | D:7      | Reached skill level 5 in Stealth
  6567 | D:7      | Reached skill level 5 in Dodging
  6618 | D:7      | Reached skill level 5 in Fighting
  6707 | D:7      | Noticed a gargoyle
  7015 | D:8      | Reached XP level 9. HP: 74/74 MP: 11/11
  7136 | D:8      | Noticed a lindwurm
  7143 | D:8      | Noticed a lindwurm
  7143 | D:8      | Noticed a lindwurm
  7199 | D:8      | Killed a lindwurm
  7202 | D:8      | Killed a lindwurm
  7207 | D:8      | Noticed a lindwurm
  7284 | D:8      | Killed a lindwurm
  7319 | D:8      | Killed a lindwurm
  7405 | D:8      | Identified the +4 flail of the Pillar {pain, Dex+3}
  7561 | D:8      | Reached XP level 10. HP: 58/83 MP: 8/13
  8014 | D:7      | Found a staircase to the Ecumenical Temple.
  8801 | D:9      | Reached skill level 10 in Ranged Weapons
  9092 | D:9      | Noticed a centaur warrior
  9248 | D:9      | Killed a centaur warrior
  9278 | D:9      | Noticed a cyclops
  9463 | D:9      | Killed a cyclops
  9535 | D:9      | Found a staircase to the Lair.
  9535 | D:9      | Noticed a cyan ugly thing
  9577 | D:9      | Killed a cyan ugly thing
  9939 | D:9      | Reached XP level 11. HP: 92/92 MP: 14/14
 10442 | D:9      | Noticed a two-headed ogre
 10453 | D:9      | Killed a two-headed ogre
 10550 | D:9      | Found a staircase to the Lair.
 10977 | D:10     | Entered Level 10 of the Dungeon
 11005 | D:10     | Found Dacon's Antique Armour Shop.
 12454 | D:11     | Found a staircase to the Orcish Mines.
 12863 | D:11     | Identified the +7 dagger "Xabrot" {pain, rF+ rC+ rCorr}
 13003 | D:11     | Noticed a two-headed ogre
 13006 | D:11     | Killed a two-headed ogre
 13276 | Lair:1   | Entered Level 1 of the Lair of Beasts
 13281 | Lair:1   | Reached XP level 12. HP: 103/103 MP: 15/15
 13593 | Lair:1   | Noticed a boulder beetle
 13608 | Lair:1   | Killed a boulder beetle
 14327 | Lair:2   | Found a runed translucent gate.
 14369 | Lair:2   | Found a runed translucent gate.
 14370 | Lair:2   | Found a runed translucent gate.
 14381 | Lair:2   | Noticed blacky4's ghost (journeyman SpEn)
 14440 | Lair:2   | Reached skill level 10 in Dodging
 14546 | Lair:2   | Found a hole to the Spider Nest.
 14644 | Lair:2   | Found a staircase to the Swamp.
 14683 | Lair:2   | Reached skill level 1 in Throwing
 15466 | Lair:2   | Killed blacky4's ghost
 15825 | Lair:3   | Reached XP level 13. HP: 102/111 MP: 14/16
 16029 | Lair:3   | Reached skill level 10 in Stealth
 16051 | Lair:3   | Identified the +0 leather armour "Puskaz" {rN+ Regen+
                  | Str-4}
 16974 | Lair:3   | Identified the +8 rapier of Zasoskass {venom, Dex+5}
 17337 | Lair:4   | Found a staircase to the Slime Pits.
 17644 | Lair:4   | Identified a scroll of acquirement
 17657 | Lair:4   | Acquired a manual of Evocations
 18126 | Lair:4   | Reached skill level 10 in Fighting
 18637 | Lair:5   | Entered Level 5 of the Lair of Beasts
 19073 | Lair:5   | Reached XP level 14. HP: 121/121 MP: 17/17
 19169 | Lair:5   | Reached skill level 5 in Evocations
 20215 | Lair:5   | Reached skill level 15 in Ranged Weapons
 21913 | D:8      | Identified the scarf of the Furies {repulsion, Contam rElec
                  | rPois Will+}
 21915 | D:8      | Identified the +4 ring mail "Lulua" {rN++}
 21919 | D:8      | Identified the +1 arbalest of the Ghost {penet, Dex+3
                  | Stlth+}
 23316 | D:13     | Noticed Lodul
 23325 | D:13     | Killed Lodul
 23617 | D:13     | Found a gate to the Vaults.
 23617 | D:13     | Noticed an ironbound preserver
 23699 | D:12     | Killed an ironbound preserver
 24304 | D:14     | Reached XP level 15. HP: 129/129 MP: 18/18
 25016 | D:15     | Entered Level 15 of the Dungeon
 25440 | D:15     | Found a staircase to the Depths.
 25787 | Orc:1    | Entered Level 1 of the Orcish Mines
 25889 | Orc:1    | Found a frozen archway.
 25940 | IceCv    | Entered an ice cave
 26699 | Orc:2    | Entered Level 2 of the Orcish Mines
 26749 | Orc:2    | Found a staircase to the Elven Halls.
 27049 | Orc:2    | Found Disung's Antique Weapon Shop.
 27188 | Orc:2    | Found Goewkimn's Armour Boutique.
 27188 | Orc:2    | Found Kaxkikef's Magic Scroll Boutique.
 27189 | Orc:2    | Found Oruer's Weapon Shop.
 27193 | Orc:2    | Found Aplu's Distillery.
 27198 | Orc:2    | Bought a scroll of fear for 60 gold pieces
 27198 | Orc:2    | Bought a scroll of poison for 60 gold pieces
 27200 | Orc:2    | Bought a potion of enlightenment for 70 gold pieces
 27464 | Orc:2    | Bought the +4 skin of Zhor {*Englaciate rC+++ SInv} for 931
                  | gold pieces
 27464 | Orc:2    | Found the +4 skin of Zhor {*Englaciate rC+++ SInv}
 27647 | D:6      | Bought a +6 ring of dexterity for 468 gold pieces
 27657 | D:6      | Bought the ring of Xoheobu {rF+ rN+} for 442 gold pieces
 27792 | Spider:1 | Entered Level 1 of the Spider Nest
 28025 | Swamp:1  | Entered Level 1 of the Swamp
 28235 | Swamp:1  | Noticed a fenstrider witch
 28254 | Swamp:1  | Killed a fenstrider witch
 28488 | Swamp:2  | Noticed a fenstrider witch
 28502 | Swamp:2  | Killed a fenstrider witch
 29036 | Swamp:3  | Noticed Aizul
 29061 | Swamp:2  | Killed Aizul
 29064 | Swamp:2  | Reached XP level 16. HP: 62/139 MP: 19/19
 29151 | Swamp:3  | Reached skill level 10 in Evocations
 29309 | Swamp:3  | Reached skill level 15 in Dodging
 29593 | Swamp:4  | Entered Level 4 of the Swamp
 29886 | Swamp:4  | Learned a level 3 spell: Portal Projectile
 30422 | Swamp:4  | Reached skill level 1 in Translocations
 30450 | Swamp:4  | Reached skill level 1 in Hexes
 30515 | Swamp:4  | Reached skill level 1 in Spellcasting
 30558 | Swamp:4  | Noticed a bone dragon
 30578 | Swamp:4  | Killed a bone dragon
 30621 | Swamp:4  | Got a decaying rune of Zot
 31227 | Spider:1 | Identified the +5 hand axe of Youthful Indiscretion {drain,
                  | rElec rC+}
 32363 | Spider:2 | Reached XP level 17. HP: 148/148 MP: 22/22
 32463 | Spider:2 | Noticed Nikola
 32476 | Spider:2 | Killed Nikola
 34020 | Spider:4 | Entered Level 4 of the Spider Nest
 35508 | Spider:4 | Paralysed by a hornet for 3 turns
 35778 | Spider:4 | Got a gossamer rune of Zot
 36141 | Vaults:1 | Entered Level 1 of the Vaults
 36331 | Vaults:1 | Identified the +8 war axe of Slime {heavy, rElec rPois
                  | Str+3}
 36490 | Vaults:1 | Noticed Zenata
 36499 | Vaults:1 | Killed Zenata
 36542 | Vaults:1 | Reached skill level 5 in Hexes
 36564 | Vaults:1 | Reached skill level 5 in Translocations
 36583 | Vaults:1 | Reached XP level 18. HP: 152/157 MP: 23/23
 36815 | Vaults:1 | Identified the +7 quarterstaff "Juqyugooqen" {pain, Fly}
 37536 | Vaults:1 | Learned a level 6 spell: Dispersal
 38003 | Vaults:2 | Identified the +0 leather armour "Wama" {-Tele Int+4 Dex+2}
 38954 | Vaults:3 | Reached XP level 19. HP: 166/166 MP: 27/27
 39226 | Vaults:3 | Found a staircase to the Crypt.
 39234 | Vaults:3 | You fall into a shaft and drop 1 floor!
 39489 | Vaults:4 | Identified the +8 dagger "Xicapegh" {flame, rPois MP-9
                  | Str+8 Int-2}
 39752 | Vaults:4 | Got Xyoz's Folio of Misfortune
 39848 | Vaults:4 | Found Jawaesh's General Store.
 39857 | Vaults:4 | Bought 2 scrolls of teleportation for 102 gold pieces
 40066 | Vaults:3 | Noticed Xtahua
 40069 | Vaults:3 | Paralysed by Xtahua for 4 turns
 40074 | Vaults:3 | Killed Xtahua
 40102 | Vaults:3 | Found Erooblom's General Store.
 40110 | Vaults:3 | Bought a scroll of teleportation for 36 gold pieces
 40796 | Vaults:3 | Identified the +1 mace "Gapenuch" {pain, rPois Str-2 Dex+2}
 40934 | Crypt:1  | Entered Level 1 of the Crypt
 41242 | Crypt:1  | Noticed Margery
 41308 | Crypt:1  | Killed Margery
 41485 | Crypt:1  | Reached XP level 20. HP: 170/176 MP: 28/28
 42875 | Crypt:3  | Entered Level 3 of the Crypt
 43011 | Crypt:3  | Reached skill level 15 in Fighting
 43243 | Crypt:3  | Identified the ring of the Sheltering Gods {Drain rPois rN+
                  | Slay+6}
 43243 | Crypt:3  | Identified the ring of the Devil {rN+ rCorr Int+6 Dex+3
                  | Stlth-}
 43269 | Crypt:3  | Noticed a profane servitor
 43276 | Crypt:3  | Killed a profane servitor
 43505 | Crypt:3  | Noticed a bone dragon
 43517 | Crypt:3  | Killed a bone dragon
 43520 | Crypt:3  | Found the +13 scythe of Curses {drain, curses, Drain}
 43592 | Crypt:3  | Learned a level 1 spell: Apportation
 43603 | Crypt:3  | Found a staircase to the Tomb.
 43767 | Crypt:3  | Identified the +4 plate armour of Ingodurph {rPois}
 43828 | Crypt:3  | Identified the +10 great sword of the Maze {heavy, *Slow
                  | rPois rF++}
 45174 | Elf:1    | Entered Level 1 of the Elven Halls
 45184 | Elf:1    | Reached XP level 21. HP: 185/185 MP: 30/30
 45206 | Elf:1    | Reached skill level 10 in Translocations
 45305 | Elf:1    | Noticed Louise
 45310 | Elf:1    | Killed Louise
 45490 | Elf:1    | Found Voeb's Jewellery Boutique.
 45494 | Elf:1    | Found Maconiof's Book Emporium.
 45495 | Elf:1    | Found Plog's Jewellery Boutique.
 45512 | Elf:1    | Bought the amulet of Cohi Ano {Regen+ MP+9 Str+2 Dex+6} for
                  | 1381 gold pieces
 45525 | Elf:1    | Bought Great Wizards, Vol. VII for 480 gold pieces
 45530 | Elf:1    | Learned a level 4 spell: Passage of Golubria
 45954 | Elf:2    | Found Fefadd's Armour Shop.
 45955 | Elf:2    | Found Yrant's Book Boutique.
 45988 | Elf:2    | Found Wotil's Antique Armour Emporium.
 46026 | Elf:2    | Found Pazavim's Distillery.
 46047 | Elf:2    | Bought a potion of enlightenment for 55 gold pieces
 46047 | Elf:2    | Bought a potion of heal wounds for 55 gold pieces
 46047 | Elf:2    | Bought a potion of haste for 110 gold pieces
 46250 | Elf:2    | Found a runed translucent gate.
 46250 | Elf:2    | Found a runed translucent gate.
 46250 | Elf:2    | Found a runed translucent gate.
 46963 | Elf:3    | Entered Level 3 of the Elven Halls
 47432 | Elf:3    | Found a transporter.
 47489 | Elf:3    | Noticed gyole's ghost (adept SpHu)
 47563 | Elf:3    | Found Paesocyadi's Antique Weapon Shop.
 47834 | Elf:3    | Found a transporter.
 48031 | Elf:3    | Bought a polished orcbow for 221 gold pieces
 48031 | Elf:3    | Identified the +1 orcbow "Togg" {freeze, +Blink} (You
                  | bought it in a shop on level 3 of the Elven Halls)
 48347 | Elf:3    | Identified the staff of Blood-Lust {*Slow Fly rPois rF+ rN+
                  | Fire}
 48373 | Elf:3    | Identified the +0 cloak of the Queen of Pentacles {Rampage
                  | +Blink rC-}
 48408 | Elf:3    | Identified the +6 plate armour "Plog" {rElec}
 48412 | Elf:3    | Identified the +0 scale mail of Ikale {rPois rF+ Dex+5}
 48430 | Elf:3    | Identified the +1 great sword of Makhleb's Benevolence
                  | {flame, Dex+3}
 48478 | Elf:3    | Identified the +4 hand axe of the Orb {freeze, Fragile
                  | rC+++ Int-2 Dex+4}
 48788 | Depths:1 | Entered Level 1 of the Depths
 48836 | Depths:1 | Noticed Asterion
 48844 | Depths:1 | Killed Asterion
 49014 | Depths:1 | Found a gateway to Hell.
 49155 | Depths:1 | Reached XP level 22. HP: 195/195 MP: 31/31
 49400 | Depths:1 | Found a runed translucent door.
 49401 | Depths:1 | Noticed tensugalgo's ghost (adept DrSh)
 49550 | Depths:1 | Killed tensugalgo's ghost
 49555 | Depths:1 | Identified the staff "Wazegryoh" {SInv Conj}
 50187 | Depths:2 | Found a one-way gate leading to the halls of Pandemonium.
 50819 | Depths:2 | Identified the +1 sling of Terror {flame, rF+ rC+}
 50852 | Depths:2 | Noticed an ancient lich
 50856 | Depths:2 | Killed an ancient lich
 50866 | Depths:2 | Got the Folio of Amathomancy and Summoning
 50868 | Depths:2 | Identified the +8 short sword of the Wheel {elec, MP+9
                  | Int+5}
 51034 | Depths:2 | Learned a level 2 spell: Passwall
 51049 | Depths:3 | Found Wuycwut's Vocational Training.
 51098 | Depths:3 | Noticed a caustic shrike
 51106 | Depths:3 | Killed a caustic shrike
 51151 | Depths:3 | Noticed a caustic shrike
 51163 | Depths:3 | Killed a caustic shrike
 51334 | Depths:3 | Reached skill level 1 in Transmutations
 51338 | Depths:3 | Noticed a juggernaut
 51345 | Depths:3 | Killed a juggernaut
 51345 | Depths:3 | Noticed a juggernaut
 51346 | Depths:3 | Reached skill level 1 in Earth Magic
 51354 | Depths:3 | Killed a juggernaut
 51361 | Depths:3 | Noticed a juggernaut
 51366 | Depths:3 | Killed a juggernaut
 51512 | Depths:3 | Noticed a juggernaut
 51520 | Depths:3 | Killed a juggernaut
 51618 | Depths:3 | Identified the +0 leather armour of the Solstice {rCorr
                  | Str+3 Slay+3}
 51647 | Depths:3 | Identified the +10 halberd of the Common Good {flame, rElec
                  | Str-2 Dex+2}
 51803 | Depths:3 | Found a one-way gate to the infinite horrors of the Abyss.
 52028 | Depths:3 | Noticed a caustic shrike
 52145 | Depths:3 | Killed a caustic shrike
 52763 | Depths:3 | Found a one-way gate to the infinite horrors of the Abyss.
 52955 | Depths:3 | Found Wuycwut's Vocational Training.
 53155 | Depths:3 | Acquired 668 gold pieces
 53160 | Depths:4 | Entered Level 4 of the Depths
 53163 | Depths:4 | Noticed a caustic shrike
 53181 | Depths:3 | Killed a caustic shrike
 53232 | Depths:4 | Noticed a caustic shrike
 53239 | Depths:4 | Killed a caustic shrike
 53280 | Depths:4 | Noticed a caustic shrike
 53287 | Depths:4 | Killed a caustic shrike
 53464 | Depths:4 | Found a one-way gateway to a ziggurat.
 53550 | Depths:4 | Reached XP level 23. HP: 186/204 MP: 33/33
 53557 | Depths:4 | Found a gate to the Realm of Zot.
 53751 | Depths:4 | Noticed a juggernaut
 53758 | Depths:4 | Killed a juggernaut
 54046 | Depths:4 | Noticed a juggernaut
 54051 | Depths:4 | Killed a juggernaut
 54237 | Depths:4 | Noticed a dread lich
 54239 | Depths:4 | Killed a dread lich
 54270 | Depths:4 | Identified the +7 chain mail of Optimism {rElec Will+ rCorr
                  | Int-4}
 54361 | Depths:4 | Identified the ring "Xetsush" {rC- rN+ Int+6 Dex+2}
 55011 | Vaults:3 | Bought a scroll of enchant weapon for 90 gold pieces
 55023 | Vaults:3 | Learned a level 5 spell: Borgnjor's Vile Clutch
 55093 | Vaults:5 | Entered Level 5 of the Vaults
 55142 | Vaults:5 | Reached skill level 5 in Transmutations
 55213 | Vaults:5 | Identified the ring "Lovaxkeaga" {Wiz rCorr Dex+2}
 55217 | Vaults:5 | Identified the +3 scale mail of Argheoth {Will- rCorr Str+5
                  | Stlth+}
 55273 | Vaults:5 | Reached skill level 1 in Necromancy
 55313 | Vaults:5 | Identified the +9 orcbow "Diat" {freeze, Dex+7}
 55315 | Vaults:5 | Got a silver rune of Zot
 55375 | Vaults:5 | Reached skill level 5 in Earth Magic
 55417 | Vaults:5 | Learned a level 2 spell: Lesser Beckoning
 55474 | Vaults:5 | Noticed an ancient lich
 55515 | Vaults:5 | Killed an ancient lich
 55581 | Vaults:5 | Found the +5 Storm Queen's Shield {shock, Fly rElec}
 55659 | Vaults:5 | Identified the +4 glaive of Dung {pain, rElec rC+ rCorr}
 55659 | Vaults:5 | Identified the +6 shortbow "Batey" {elec, Will+ rCorr
                  | Str+3}
 55659 | Vaults:5 | Identified the amulet "Bafee" {Spirit rN+ Dex+5}
 55757 | Vaults:5 | Identified the +3 quarterstaff of Causality {flame, rPois
                  | rF+ rCorr}
 55843 | Vaults:5 | Noticed a dread lich
 55846 | Vaults:5 | Killed a dread lich
 55847 | Vaults:5 | Reached XP level 24. HP: 214/214 MP: 33/33
 55956 | Vaults:5 | Identified the +2 plate armour "Ezuzemn" {Regen+ Dex+3}
 56145 | Vaults:5 | Noticed Jory
 56149 | Vaults:5 | Killed Jory
 56252 | Vaults:5 | Noticed a dread lich
 56255 | Vaults:5 | Killed a dread lich
 56331 | Vaults:5 | Noticed Mennas
 56339 | Vaults:5 | Killed Mennas
 57814 | Elf:3    | Killed gyole's ghost
 57821 | Elf:3    | Identified the +0 cloak of Hefedd {Str+8}
 58137 | Hell     | Entered the Vestibule of Hell
 58141 | Hell     | Noticed Geryon
 58241 | Hell     | Found a gateway to the ashen valley of Gehenna.
 58291 | Hell     | Found a gateway to the decaying netherworld of Tartarus.
 58621 | Hell     | Reached skill level 5 in Necromancy
 58660 | Hell     | Killed Geryon
 58953 | Hell     | Found a gateway to the freezing wastes of Cocytus.
 59067 | Hell     | Found a gateway to the Iron City of Dis.
 59314 | Hell     | Found a gateway to the decaying netherworld of Tartarus.
 59369 | Hell     | Found a gateway to the ashen valley of Gehenna.
 59473 | Hell     | Found a gateway to the Iron City of Dis.
 59793 | Zot:1    | Entered Level 1 of the Realm of Zot
 60576 | Zot:2    | Noticed an orb of fire
 60583 | Zot:2    | Killed an orb of fire
 60684 | Zot:2    | Identified the +8 rapier of Extinguishment {drain, rElec
                  | rF+ MP+9 Stlth+}
 61308 | Zot:3    | Reached XP level 25. HP: 224/224 MP: 33/33
 63024 | Slime:1  | Entered Level 1 of the Pits of Slime
 63026 | Slime:1  | Gained mutation: Armour fits poorly on your strangely
                  | shaped body. [a shining eye]
 64728 | Slime:4  | Gained mutation: You do not regenerate when monsters are
                  | visible. [a shining eye]
 65168 | Slime:4  | Lost mutation: Armour fits poorly on your strangely shaped
                  | body. [potion of mutation]
 65168 | Slime:4  | Lost mutation: You do not regenerate when monsters are
                  | visible. [potion of mutation]
 65168 | Slime:4  | Gained mutation: Your body sometimes deteriorates upon
                  | taking damage. [potion of mutation]
 65171 | Slime:4  | Lost mutation: Your body sometimes deteriorates upon taking
                  | damage. [potion of mutation]
 65171 | Slime:4  | Gained mutation: You are partially covered in iridescent
                  | scales. (AC +2) [potion of mutation]
 65171 | Slime:4  | Gained mutation: You are frail. (-10% HP) [potion of
                  | mutation]
 65171 | Slime:4  | Gained mutation: You expend magic power (3 MP) to
                  | strengthen your wands. [potion of mutation]
 65171 | Slime:4  | Gained mutation: You have a pair of small horns on your
                  | head. [potion of mutation]
 65172 | Slime:4  | Lost mutation: You expend magic power (3 MP) to strengthen
                  | your wands. [potion of mutation]
 65172 | Slime:4  | Lost mutation: You have a pair of small horns on your head.
                  | [potion of mutation]
 65172 | Slime:4  | Lost mutation: You are frail. (-10% HP) [potion of
                  | mutation]
 65172 | Slime:4  | Gained mutation: You occasionally shout uncontrollably at
                  | your foes. [potion of mutation]
 65172 | Slime:4  | Gained mutation: Your spells are a little harder to cast,
                  | but a little more powerful. [potion of mutation]
 65179 | Slime:5  | Entered Level 5 of the Pits of Slime
 65421 | Slime:5  | Noticed the Royal Jelly
 65430 | Slime:5  | Killed the Royal Jelly
 66182 | Slime:5  | Got a slimy rune of Zot
 66225 | Slime:5  | Identified the +1 robe of the Gloaming {Harm rF+ Dex-5}
 66230 | Slime:5  | Identified the +10 plate armour "Jyevvenib" {rN++ Will+
                  | Str-4 Int+3}
 66236 | Slime:5  | Identified the +6 morningstar "Orb Guardian's Bane" {flame,
                  | Str+4}
 66239 | Slime:5  | Identified the +6 long sword "Jut Esef" {flame, +Blink
                  | Str+4}
 66253 | Slime:5  | Identified the +3 great sword of Pain and Death {drain,
                  | Int+2 SInv}
 66753 | Depths:3 | Voluntarily entered the Abyss.
 66876 | Abyss:1  | Gained mutation: You are occasionally teleported next to
                  | monsters. [a neqoxec]
 67299 | Abyss:2  | Reached XP level 26. HP: 234/234 MP: 33/33
 67913 | Abyss:3  | Reached skill level 15 in Translocations
 67986 | Abyss:3  | Paralysed by accursed screaming for 1 turns
 68167 | Abyss:3  | Paralysed by you for 4 turns
 68307 | Abyss:3  | Reached skill level 10 in Earth Magic
 68895 | Abyss:4  | Upgraded the game from 0.31-a0-655-gf2d5465dac to
                  | 0.31-a0-659-gc5a091b79a
 68899 | Abyss:4  | Got an abyssal rune of Zot
 69086 | Depths:3 | Escaped the Abyss
 69090 | Depths:3 | Lost mutation: You are partially covered in iridescent
                  | scales. (AC +2) [potion of mutation]
 69090 | Depths:3 | Lost mutation: You occasionally shout uncontrollably at
                  | your foes. [potion of mutation]
 69090 | Depths:3 | Lost mutation: Your spells are a little harder to cast, but
                  | a little more powerful. [potion of mutation]
 69090 | Depths:3 | Gained mutation: Your spells are a little easier to cast,
                  | but a little less powerful. [potion of mutation]
 69091 | Depths:3 | Lost mutation: You are occasionally teleported next to
                  | monsters. [potion of mutation]
 69091 | Depths:3 | Lost mutation: Your spells are a little easier to cast, but
                  | a little less powerful. [potion of mutation]
 69091 | Depths:3 | Gained mutation: You are clumsy. (Dex -2) [potion of
                  | mutation]
 69092 | Depths:3 | Lost mutation: You are clumsy. (Dex -2) [potion of
                  | mutation]
 69092 | Depths:3 | Gained mutation: You sometimes lose your temper in combat.
                  | [potion of mutation]
 69092 | Depths:3 | Gained mutation: You are strong-willed. (Will+) [potion of
                  | mutation]
 69093 | Depths:3 | Lost mutation: You sometimes lose your temper in combat.
                  | [potion of mutation]
 69093 | Depths:3 | Lost mutation: You are strong-willed. (Will+) [potion of
                  | mutation]
 69093 | Depths:3 | Gained mutation: You are robust. (+10% HP) [potion of
                  | mutation]
 69159 | Depths:3 | Bought a manual of Evocations for 1040 gold pieces
 70101 | Pan      | Entered Pandemonium
 70101 | Pan      | Found an exit through the horrors of the Abyss.
 70564 | Pan      | Noticed Cyoteh the pandemonium lord
 70571 | Pan      | Killed Cyoteh the pandemonium lord
 70817 | Pan      | Noticed Qatocwus the pandemonium lord
 70822 | Pan      | Killed Qatocwus the pandemonium lord
 71169 | Pan      | Reached skill level 10 in Necromancy
 71565 | Pan      | Reached XP level 27. HP: 268/268 MP: 34/34
 71568 | Pan      | Found an exit through the horrors of the Abyss.
 71806 | Pan      | Noticed Xahet the pandemonium lord
 71810 | Pan      | Killed Xahet the pandemonium lord
 71886 | Pan      | Found an exit through the horrors of the Abyss.
 71965 | Pan      | Got Sif Muna's Thoughts on Excruciating Imprecation
 72920 | Pan      | Found a runed translucent door.
 73199 | Pan      | Noticed Kiosut the pandemonium lord
 73205 | Pan      | Killed Kiosut the pandemonium lord
 73206 | Pan      | Reached skill level 5 in Spellcasting
 73373 | Pan      | Reached skill level 27 in Ranged Weapons
 73451 | Pan      | Noticed Akha the pandemonium lord
 73647 | Pan      | Killed Akha the pandemonium lord
 73745 | Pan      | Got a demonic rune of Zot
 73763 | Pan      | Found an exit through the horrors of the Abyss.
 74381 | Pan      | Noticed Vany the pandemonium lord
 74629 | Pan      | Identified the orb of Indomitability {guile, rC+ SInv}
 74810 | Pan      | Killed Vany the pandemonium lord
 74842 | Pan      | Identified the +8 short sword of the First Mouths {vamp,
                  | rPois Int+5}
 74897 | Pan      | Found a runed translucent door.
 75251 | Pan      | Reached skill level 15 in Evocations
 75418 | Pan      | Learned a level 8 spell: Disjunction
 75608 | Pan      | Identified the +1 leather armour of Ylaca {Will+ Int+2}
 76018 | Pan      | Noticed Kaiheunu the pandemonium lord
 76063 | Pan      | Killed Kaiheunu the pandemonium lord
 76440 | Pan      | Noticed Taehocze the pandemonium lord
 76458 | Pan      | Killed Taehocze the pandemonium lord
 76522 | Pan      | Identified the +2 flail "Leolim" {vamp, Int+7 Dex+3}
 77108 | Pan      | Noticed Dimef the pandemonium lord
 77111 | Pan      | Killed Dimef the pandemonium lord
 77295 | Pan      | Reached skill level 27 in Dodging
 77675 | Pan      | Reached skill level 1 in Armour
 77794 | Pan      | Noticed Xosefix the pandemonium lord
 77810 | Pan      | Killed Xosefix the pandemonium lord
 78040 | Pan      | Identified the amulet "Masem" {Spirit Drain rCorr Str+2}
 78065 | Pan      | Found an exit through the horrors of the Abyss.
 78108 | Pan      | Identified the ring "Kealavahop" {rF+ rN+}
 78534 | Pan      | Noticed Sasow the pandemonium lord
 78538 | Pan      | Killed Sasow the pandemonium lord
 79188 | Pan      | Entered the realm of Lom Lobon.
 79245 | Pan      | Reached skill level 5 in Armour
 79386 | Pan      | Noticed Lom Lobon
 79409 | Pan      | Killed Lom Lobon
 79429 | Pan      | Got a magical rune of Zot
 79900 | Pan      | Reached skill level 15 in Stealth
 80066 | Pan      | Identified the +12 morningstar "Dayniux" {freeze, Int+6
                  | Dex-4}
 80120 | Pan      | Noticed Ytois the pandemonium lord
 80133 | Pan      | Killed Ytois the pandemonium lord
 80576 | Pan      | Entered the realm of Cerebov.
 80862 | Pan      | Identified the staff "Nykid" {rElec rN+ Dex+3 Air}
 80869 | Pan      | Identified the staff "Impbane" {rC- rN+ rCorr Str+2 Dex+5
                  | Necro}
 80960 | Pan      | Found the +6 sword of Cerebov {flame}
 80960 | Pan      | Noticed Cerebov
 81139 | Pan      | Identified the +0 scale mail of Zyra {-Tele rElec Str+3
                  | Int+4}
 81297 | Pan      | Identified the staff "Beetleslayer" {rC+ Str-2 Fire Earth}
 81521 | Pan      | Identified the ring of the Voivode {Ice Drain Fly rElec
                  | Stlth+}
 81588 | Pan      | Killed Cerebov
 81636 | Pan      | Got a fiery rune of Zot
 81660 | Pan      | Identified the +3 ring mail of Vinoased {rF- Int+7 Stlth+}
 81948 | Pan      | Found an exit through the horrors of the Abyss.
 82198 | Pan      | Noticed Ebremnoruo the pandemonium lord
 82205 | Pan      | Killed Ebremnoruo the pandemonium lord
 82914 | Pan      | Entered the realm of Gloorx Vloq.
 83118 | Pan      | Identified the ring of Jazifargh {rCorr Int+6 Stlth+}
 83302 | Pan      | Noticed Gloorx Vloq
 84357 | Pan      | Killed Gloorx Vloq
 84370 | Pan      | Got a dark rune of Zot
 84509 | Pan      | Found an exit through the horrors of the Abyss.
 84713 | Pan      | Gained mutation: You have supernaturally acute eyesight.
                  | (SInv) [a cacodemon]
 85130 | Pan      | Noticed Egaoc the pandemonium lord
 85133 | Pan      | Killed Egaoc the pandemonium lord
 85459 | Pan      | Identified the +0 chain mail "Qoodaw" {Rampage *Corrode
                  | rN+++ Int-3}
 85584 | Pan      | Noticed Jear the pandemonium lord
 85589 | Pan      | Killed Jear the pandemonium lord
 85654 | Pan      | Found an exit through the horrors of the Abyss.
 86058 | Pan      | Entered the realm of Mnoleg.
 86058 | Pan      | Noticed Mnoleg
 86060 | Pan      | Got a glowing rune of Zot
 86103 | Pan      | Found an exit through the horrors of the Abyss.
 86117 | Pan      | Took an exit into the Abyss.
 86117 | Abyss:4  | Escaped into the Abyss
 86205 | Depths:2 | Escaped the Abyss
 87221 | Coc:1    | Entered Level 1 of Cocytus
 87601 | Coc:2    | Reached skill level 10 in Armour
 87642 | Coc:2    | You are sucked into a shaft and drop 1 floor!
 88734 | Coc:7    | Entered Level 7 of Cocytus
 89510 | Coc:7    | Noticed Antaeus
 89893 | Coc:7    | Identified the amulet "Macit" {Faith +Blink Will+ Str+2}
 90087 | Coc:7    | Killed Antaeus
 90120 | Coc:7    | Got an icy rune of Zot
 90245 | Geh:1    | Entered Level 1 of Gehenna
 91351 | Geh:4    | You are sucked into a shaft and drop 1 floor!
 92058 | Geh:7    | Entered Level 7 of Gehenna
 92674 | Geh:7    | Identified the ring "Dosunk" {rF+ Int+2 Dex+4}
 92818 | Geh:7    | Found the +13 sceptre of Asmodeus
 92818 | Geh:7    | Noticed Asmodeus
 92847 | Geh:7    | Killed Asmodeus
 92979 | Geh:7    | Got an obsidian rune of Zot
 93036 | Geh:7    | Identified the +0 scale mail of the Chimera {rElec SInv}
 93228 | Dis:1    | Entered Level 1 of the Iron City of Dis
 93850 | Dis:4    | Reached skill level 27 in Fighting
 94468 | Dis:6    | Reached skill level 15 in Armour
 94773 | Dis:7    | Entered Level 7 of the Iron City of Dis
 95075 | Dis:7    | Reached skill level 1 in Short Blades
 95864 | Dis:7    | Reached skill level 5 in Short Blades
 96003 | Dis:7    | Identified the +5 battleaxe of Optimality {freeze, rC+
                  | Will+}
 96004 | Dis:7    | Identified the +1 hat of Recklessness {Str+3}
 96033 | Dis:7    | Got the Quarto of Permutations and Movement
 96037 | Dis:7    | Learned a level 2 spell: Blink
 96130 | Dis:7    | Got the Compilation of the Decaying Comitatus
 96132 | Dis:7    | Identified the ring of Amorality {rElec rC+ AC+4 Str+4
                  | Int+3}
 96484 | Dis:7    | Noticed Dispater
 96506 | Dis:7    | Killed Dispater
 96538 | Dis:7    | Got an iron rune of Zot
 96727 | Tar:1    | Entered Level 1 of Tartarus
 97102 | Tar:2    | You are sucked into a shaft and drop 1 floor!
 98479 | Tar:7    | Entered Level 7 of Tartarus
 98977 | Tar:7    | Noticed a dread lich
 98979 | Tar:7    | Killed a dread lich
 99197 | Tar:7    | Noticed the Serpent of Hell
 99209 | Tar:7    | Killed the Serpent of Hell
 99237 | Tar:7    | Identified the staff of the Shore {rPois rC+ Ice}
 99241 | Tar:7    | Identified the +2 pair of gloves of Honour {Drain rPois
                  | SInv Stlth+}
 99243 | Tar:7    | Got Rujoofri's Information on Concussion and the Map
 99322 | Tar:7    | Noticed an ancient lich
 99630 | Tar:7    | Reached skill level 10 in Short Blades
 99634 | Tar:7    | Noticed a dread lich
 99646 | Tar:7    | Killed a dread lich
 99706 | Tar:7    | Got the Opusculum on the Iron Cumulonimbus
 99709 | Tar:7    | Identified the +10 orcbow of Urgency {elec, rElec MP+9
                  | Dex+4}
100448 | Tar:7    | Killed an ancient lich
100944 | Tar:7    | Noticed an ancient lich
100948 | Tar:7    | Killed an ancient lich
101513 | Tar:7    | Noticed Ereshkigal
101528 | Tar:7    | Killed Ereshkigal
101809 | Tar:7    | Got a bone rune of Zot
103860 | Tomb:1   | Entered Level 1 of the Tomb of the Ancients
106252 | Zot:2    | Learned a level 4 spell: Vhi's Electric Charge
106327 | Zot:4    | Noticed an ancient lich
106340 | Zot:4    | Killed an ancient lich
106739 | Zot:4    | Noticed an orb of fire
106742 | Zot:4    | Killed an orb of fire
107756 | Tomb:2   | HP: 9/300 [spore (9)]
112231 | Zot:4    | Noticed Parghit
112240 | Zot:4    | Killed Parghit
113582 | Tomb:3   | Entered Level 3 of the Tomb of the Ancients
113600 | Tomb:3   | Found the +8 Vampire's Tooth {megavamp}
113678 | Tomb:2   | HP: 15/300 [something (22)]
114135 | Tomb:3   | Gained mutation: Your body sometimes deteriorates upon
                  | taking damage. [mutagenic glow]
114155 | Tomb:3   | Identified the ring of Free Expression {rPois rF- rC+ rN+}
114155 | Tomb:3   | Gained mutation: You occasionally lose the ability to read
                  | scrolls when taking damage. [mutagenic glow]
114167 | Tomb:3   | Gained mutation: You sometimes lose your temper in combat.
                  | [mutagenic glow]
114500 | Tomb:2   | Lost mutation: Your body sometimes deteriorates upon taking
                  | damage. [potion of mutation]
114500 | Tomb:2   | Lost mutation: You sometimes lose your temper in combat.
                  | [potion of mutation]
114500 | Tomb:2   | Lost mutation: You have supernaturally acute eyesight.
                  | (SInv) [potion of mutation]
114500 | Tomb:2   | Gained mutation: Your mind is acute. (Int +4, Str/Dex -1)
                  | [potion of mutation]
114501 | Tomb:2   | Lost mutation: Your mind is acute. (Int +4, Str/Dex -1)
                  | [potion of mutation]
114501 | Tomb:2   | Lost mutation: You are robust. (+10% HP) [potion of
                  | mutation]
114501 | Tomb:2   | Gained mutation: You have hidden genetic potential. [potion
                  | of mutation]
114502 | Tomb:2   | Lost mutation: You have hidden genetic potential. [potion
                  | of mutation]
114502 | Tomb:2   | Lost mutation: You occasionally lose the ability to read
                  | scrolls when taking damage. [potion of mutation]
114502 | Tomb:2   | Gained mutation: You are partially covered in iridescent
                  | scales. (AC +2) [potion of mutation]
114502 | Tomb:2   | Gained mutation: Your muscles are strong. (Str +4, Int/Dex
                  | -1) [potion of mutation]
114502 | Tomb:2   | Gained mutation: You are somewhat resistant to further
                  | mutation. [potion of mutation]
115136 | Tomb:3   | Identified the ring of Xom's Capriciousness {Fly Will+}
115138 | Tomb:3   | Identified the ring of the Sun {rF+ rCorr EV+5 Stlth+}
115139 | Tomb:3   | Identified the ring "Cecag" {MP+9 Str+4 Dex+2 Stlth+}
115158 | Tomb:3   | Identified the +0 ring mail "Rahaw" {rPois}
115159 | Tomb:3   | Identified the ring "Abbagui" {Will+ rCorr Str+3 Int+2}
115207 | Tomb:3   | Identified the +11 whip of Recklessness {heavy, rElec rF+
                  | rC+ Dex-5}
115220 | Tomb:3   | Identified the +1 dagger "Hasch" {elec, Will+}
115490 | Tomb:3   | Got a golden rune of Zot
116514 | Zot:5    | Entered Level 5 of the Realm of Zot
117075 | Zot:5    | Noticed an orb of fire
117089 | Zot:5    | Gained mutation: Your body sometimes deteriorates upon
                  | taking damage. [an orb of fire]
117098 | Zot:5    | Killed an orb of fire
117128 | Zot:5    | Noticed an ancient lich
117134 | Zot:5    | Killed an ancient lich
117227 | Zot:5    | Noticed a dread lich
117230 | Zot:5    | Killed a dread lich
118043 | Zot:5    | Noticed an ancient lich
118049 | Zot:5    | Killed an ancient lich
118060 | Zot:5    | Noticed a dread lich
118075 | Zot:5    | Killed a dread lich
118082 | Zot:5    | Noticed a dread lich
118092 | Zot:5    | Killed a dread lich
118106 | Zot:5    | Noticed an ancient lich
118114 | Zot:5    | Killed an ancient lich
118123 | Zot:5    | Noticed an ancient lich
118126 | Zot:5    | Noticed an orb of fire
118234 | Zot:5    | Killed an ancient lich
118377 | Zot:5    | Noticed an orb of fire
118408 | Zot:5    | Killed an orb of fire
118453 | Zot:5    | Killed an orb of fire
118705 | Zot:5    | Got the Orb of Zot
119048 | Depths:1 | Noticed Dedulyno the pandemonium lord
119058 | Depths:1 | Killed Dedulyno the pandemonium lord
119385 | D:5      | Noticed Inuar the pandemonium lord
119417 | D:3      | Noticed Quatofuq the pandemonium lord
119426 | D:3      | Killed Quatofuq the pandemonium lord
119511 | D:$      | Escaped with the Orb!

Illustrated notes

Levels and vault maps discovered:
D:1:      ncdulo_lavacross, layout_basic, roderic_roman_lattice,
          nicolae_figureground_pulse
D:2:      layout_basic, minmay_shallow_snake_nest
D:3:      layout_rooms, mainiacjoe_overflow_concentric_impassable,
          serial_forest, infiniplex_forest_straight_3,
          infiniplex_forest_straight_4, infiniplex_forest_zigzag_1,
          infiniplex_forest_clump_double, infiniplex_forest_straight_2,
          infiniplex_forest_clump_small, infiniplex_forest_pool,
          infiniplex_forest_end_3, infiniplex_forest_lined_2, serial_shops,
          shop, uniq_terence, uniq_robin
D:4:      layout_basic, serial_shops, shop
D:5:      layout_cave_pools, amcnicky_altar_gilded, minmay_circle_x
D:6:      layout_rooms, nicolae_tso_besieged_by_evil,
          nicolae_ossuary_entry_false_entrances, serial_shops, shop
D:7:      minmay_chambers_of_sevens, layout_basic,
          chequers_temple_overflow_statue_of_worship,
          minmay_temple_entry_enclosed_plants
D:8:      layout_basic, minmay_lindwurm_lava
D:9:      nzn_winding_woodlands_cross [nzn_winding_woodlands_5x15_sawtooth,
          nzn_winding_woodlands_5x15_eye, nzn_winding_woodlands_5x15_pool,
          nzn_winding_woodlands_5x15_garden,
          nzn_winding_woodlands_15x15_five_gardens], layout_cave_pools,
          lair_entry_dummy, hangedman_decor_slide_cut,
          nicolae_twisty_statue_hallways
D:10:     argonaut_augean_stables, layout_basic, serial_shops, shop
D:11:     layout_loops_corners, david_orc_5, nicolae_ru_path_of_blood
D:12:     nooodl_glass_maze, layout_cave_pools
D:13:     layout_long_grid, skrybe_vaults_entry_preservation, uniq_lodul
D:14:     layout_loops_ring, nicolae_elevator_lobby_plus,
          nicolae_yredelemnul_corpse_copse
D:15:     grunt_enter_depths_snipers, layout_gridville,
          hangedman_abyss_or_decor_passed
Lair:1:   layout_small_grid, chequers_serial_rivers_small_3
Lair:2:   layout_layer_cave, swamp_mist, spider_nest_entry_a,
          gammafunk_ghost_split, grunt_forest_small_clearing_treed,
          grunt_megastairs_5, serial_bayou_shore_b, infiniplex_staircase_pool
Lair:3:   regret_index_wax_grids, layout_cave_pods, small_statue_intersection,
          serial_bayou_shore_b
Lair:4:   layout_hall_layers, nicolae_slime_entry_field_trip,
          serial_bayou_shore_a, grunt_megastairs_4
Lair:5:   guppyfry_lair_end_dragon, layout_regular_city,
          hangedman_lair_tendril_chambers, serial_bayou_shore_b
Swamp:1:  layout_basic_swamp, hangedman_swamp_cone
Swamp:2:  layout_falls_marsh, evilmike_swamp_ruin_house_5, swamp_pool4,
          nicolae_swamp_bloodsuckers_inc
Swamp:3:  layout_basic_swamp, evilmike_swamp_ruin_rubble_1, uniq_aizul
Swamp:4:  swamp_pestilence, layout_basic_swamp,
          nicolae_swamp_orc_logging_accident
Spider:1: layout_cave_pods, special_room [special_room_bee]
Spider:2: nicolae_spider_mines_3, uniq_nikola
Spider:3: layout_spider_delve
Spider:4: spider_rune_water
Slime:1:  layout_caves
Slime:2:  layout_caves
Slime:3:  layout_caves
Slime:4:  cheibrodos_slime_lost_civilization_10, layout_caves,
          nicolae_slime_crime_time
Slime:5:  slime_pit_nicolae_royal_road_to_ruin
Orc:1:    layout_caves, portal_ice_cave_entry_pillars_2
Orc:2:    st_orc_mages, layout_caves, serial_shops, shop,
          nicolae_orc_lost_temple
Elf:1:    layout_rooms, minivault_28, minmay_shop_grove, uniq_louise
Elf:2:    nicolae_elf_blades_splatter_lattice [mumra_blade_entry_bloodbath],
          layout_geoelf_octagon, serial_shops, shop, shop,
          nicolae_stop_n_shop_2, shop, serial_sigils_hangedman_etch,
          st_stairs_11
Elf:3:    elf_hall, layout_geoelf_octagon, gammafunk_ghost_berserking_beasts,
          serial_shops, nicolae_shop_dealshenge, nicolae_elf_stone_circles,
          drop_trap, small_chamber_with_monster
Vaults:1: nicolae_vaults_lopsided_apartments, vaults_room_door_hall, v_rooms_6,
          v_alt_pattern_4, nicolae_vaults_mini_display_case, v_misc_5,
          grunt_vaults_twisty, nicolae_vaults_windows_and_doors_thing,
          nicolae_vaults_shelves_hall, nicolae_vaults_trapezoid_2,
          nicolae_vaults_theta, ontoclasm_vaults_tryst,
          nicolae_vaults_little_squares_2, layout_vaults_ring, uniq_zenata
Vaults:2: hangedman_vaults_stream, nicolae_vaults_off_center_swirl,
          vaults_mumra_minichess, nicolae_vaults_trapezoid_1,
          nicolae_vaults_trapezoid_4, vaults_standard_mumra_lines,
          vaults_room_door_hall, hangedman_vaults_nodes,
          ontoclasm_vaults_hangar, nicolae_vaults_three_branches,
          nicolae_vaults_little_ls, nicolae_vaults_variable_pillar_hall,
          nicolae_vaults_trapezoid_4, nicolae_vaults_apartment_2,
          layout_vaults_big_room, serial_shops
Vaults:3: v_rooms_2, nicolae_vaults_surprise_closet, v_misc_27,
          nicolae_vaults_swerve, nicolae_vaults_rhombus_7,
          hangedman_vaults_variations, dpeg_vaults_hating_casters,
          nicolae_vaults_little_squares_2, nicolae_vaults_heart-shaped_vault,
          vaults_dpeg_emergency_exit, nicolae_vaults_house_2,
          layout_vaults_omnigrid, serial_shops, nicolae_shop_peninsula,
          uniq_xtahua
Vaults:4: nicolae_vaults_spaceships, nicolae_vaults_offset_grid_hallway_4,
          nicolae_vaults_more_shelving_2, nicolae_vaults_apartment_1,
          nicolae_vaults_ring_of_whatevers, hangedman_vaults_restitches,
          st_spiral_rooms, vaults_dpeg_diagonal,
          vaults_standard_mumra_enter_the_diamond,
          ontoclasm_vaults_loading_screen, layout_vaults_omnicross,
          serial_shops, shop
Vaults:5: uniq_mennas, uniq_jory
Crypt:1:  statuecave_lemuel, layout_chaotic_city,
          grunt_crypt_arrival_guarded_gate, grunt_megastairs_2, uniq_margery
Crypt:2:  layout_chaotic_city, grunt_ministairs_8, grunt_megastairs_3
Crypt:3:  grunt_crypt_end_deaths_head
Tomb:1
Tomb:2
Tomb:3
Depths:1: layout_roguey, ebering_ghost_xom, nicolae_dithmenos_the_darkroom,
          grunt_hell_entry_dis_grunt, minmay_tree_intersection,
          nrook_mini_backslash, nicolae_uskayaw_dance_hall, uniq_asterion
Depths:2: constructs_gauntlet_mu_hangedman, layout_cross,
          rand_demon_pan_entry_3, serial_rivers, chequers_serial_rivers_large_b,
          chequers_serial_rivers_small_b, chequers_serial_rivers_micro_a,
          chequers_serial_rivers_small_b, chequers_serial_rivers_room_b,
          chequers_serial_rivers_micro_d, pf_vacation_house_of_asmodeus,
          wad_rectangle_vault, infiniplex_staircase_squiggle
Depths:3: minmay_four_inscribed_fans, layout_gridlike, abyss_entry, hell_entry,
          rand_demon_pan_entry_7, nicolae_shop_vocational
Depths:4: hangedman_slaughterboxes, hell_entry
Hell
Dis:1:    nicolae_dis_array, layout_gridville
Dis:2:    layout_gridville, nicolae_dis_metal_dragon_surprise
Dis:3:    layout_regular_city
Dis:4:    layout_gridville, nicolae_dis_strange_trophy_room
Dis:5:    layout_regular_city
Dis:6:    layout_regular_city, nicolae_dis_bowling_alley
Dis:7:    iron_city_of_dis [dis_grunt, dis_wall_4], layout_gridville
Geh:1:    layout_gehenna_lava_caves
Geh:2:    layout_gehenna_pools_triple
Geh:3:    layout_gehenna_pools_box, hangedman_hellfire_club
Geh:4:    layout_gehenna_lava_caves
Geh:5:    nicolae_geh_realm_of_the_lava_sea
Geh:6:    layout_gehenna_lava_caves
Geh:7:    geh_old
Coc:1:    layout_cocytus_water_paths
Coc:2:    nicolae_hells_giants_party, layout_ice_bergs
Coc:3:    layout_cocytus_water_paths
Coc:4:    layout_cocytus_delve
Coc:5:    layout_ice_bergs, serial_ice, serial_ice_e
Coc:6:    layout_cocytus_water_paths
Coc:7:    coc_hangedman
Tar:1:    layout_cathedral_of_symmetry
Tar:2:    layout_grid_maze
Tar:3:    layout_catacombs
Tar:4:    layout_cathedral_of_symmetry
Tar:5:    layout_cathedral_of_symmetry
Tar:6:    layout_catacombs
Tar:7:    tar_grunt_cathedral
Zot:1:    layout_basic
Zot:2:    layout_twisted_circle, lemuel_golem_globe
Zot:3:    hangedman_orp_of_zott, layout_gridlike
Zot:4:    hellmonk_crystal_mountain, layout_twisted_circle, uniq_parghit
Zot:5:    layout_cellular_growth

Skill      XL: |  1  2  3  4  5  6  7  8  9 10 11 12 13 14 15 16 17 18 19 20 21 22 23 24 25 26 27 |
---------------+----------------------------------------------------------------------------------+-----
Stealth        | 1 2 3 4 5 6 7 8 9 10 11 12 25 | 25.8
Fighting       | 2 3 4 5 6 7 8 9 10 11 12 13 14 15 16 17 18 19 27 | 27.0
Dodging        | 2 3 4 5 6 7 9 10 12 13 14 15 16 17 19 20 21 22 23 24 25 27 | 27.0
Ranged Weapons | 4 5 6 8 9 10 12 13 14 15 16 17 18 19 20 21 22 23 24 25 26 27 | 27.0
Evocations     | 1 2 3 4 7 9 11 12 13 20 | 20.1
Throwing       | 1 |  1.0
Translocations | 3 5 6 8 9 11 12 13 14 15 25 | 25.9
Hexes          | 3 5 |  5.6
Spellcasting   | 1 3 4 7 |  7.0
Transmutations | 3 5 7 |  7.1
Earth Magic    | 3 5 7 9 10 | 10.8
Necromancy     | 3 6 8 10 | 10.0
Armour         | 21 | 21.2
Short Blades   | 14 | 14.0

Action                     |  1- 3 |  4- 6 |  7- 9 | 10-12 | 13-15 | 16-18 | 19-21 | 22-24 | 25-27 || total
---------------------------+-------+-------+-------+-------+-------+-------+-------+-------+-------++-------
  Melee: Dagger            |       |       |       |    11 |    11 |       |       |       |       ||    22
         Orcbow            |       |       |       |       |       |     2 |       |       |       ||     2
         Quick blade       |       |       |       |       |       |       |       |       |    19 ||    19
         Arbalest          |       |       |       |       |       |       |       |       |     2 ||     2
   Fire: Shortbow          |   145 |   216 |   200 |    31 |       |       |       |       |       ||   592
         Orcbow            |       |       |   141 |   775 |  1691 |  1383 |       |       |       ||  3990
         Arbalest          |       |       |       |       |    33 |    10 |    42 |    15 |   908 ||  1008
         Hand crossbow     |       |       |       |       |   134 |       |       |       |       ||   134
         Longbow           |       |       |       |       |     4 |   513 |  1481 |  1430 |  5833 ||  9261
  Throw: Dart              |       |       |       |       |       |       |       |       |     3 ||     3
   Cast: Apportation       |       |       |       |       |       |       |       |       |    15 ||    15
         Portal Projectile |       |       |       |       |       |       |       |       |     7 ||     7
         Passwall          |       |       |       |       |       |       |       |       |     6 ||     6
         Disjunction       |       |       |       |       |       |       |       |       |    20 ||    20
         Borgnjor's Vile C |       |       |       |       |       |       |       |       |    20 ||    20
         Blink             |       |       |       |       |       |       |       |       |    15 ||    15
         Passage of Golubr |       |       |       |       |       |       |       |       |     4 ||     4
         Lesser Beckoning  |       |       |       |       |       |       |       |       |     2 ||     2
         Dispersal         |       |       |       |       |       |       |       |       |     1 ||     1
  Evoke: Wand              |       |       |     2 |     7 |     1 |       |       |     1 |     6 ||    17
         Box of beasts     |       |       |       |       |     1 |       |     1 |       |     1 ||     3
         Horn of Geryon    |       |       |       |       |       |       |       |       |     5 ||     5
    Use: Scroll            |       |     8 |    12 |     5 |     8 |     5 |     1 |    11 |    63 ||   113
         Potion            |       |       |       |     1 |     2 |     3 |       |       |    47 ||    53
   Stab: Sleeping          |       |       |       |       |       |       |       |       |     3 ||     3
 Armour: Skin              |       |     3 |       |       |       |       |       |       |       ||     3
         Animal skin       |       |    21 |     6 |       |    12 |   102 |    57 |    45 |   661 ||   904
         Steam dragon scal |       |       |    22 |    44 |       |       |       |       |       ||    66
         Leather armour    |       |       |       |    14 |    91 |       |       |       |       ||   105
  Dodge: Dodged            |    21 |    71 |    89 |   335 |   823 |  1109 |  1005 |   963 |  4734 ||  9150
         Repelled          |       |       |       |       |     6 |     6 |    10 |     4 |    44 ||    70

Table legend: (Time is in decaauts)
 A = Elapsed time spent in this place.
 B = Non-inter-level travel time spent in this place.
 C = Inter-level travel time spent in this place.
 D = Time resting spent in this place.
 E = Time spent auto-exploring this place.
 F = Levels seen in this place.
 G = Mean time per level.
                   A        B        C        D        E       F      G
               +--------+--------+--------+--------+--------+-----+--------+
         Total | 119747 | 102115 |  17632 |  20496 |  51774 | 113 | 1059.7 |
       Dungeon |  20531 |  15384 |   5147 |   2844 |   8386 |  15 | 1368.7 |
          Lair |   9455 |   8149 |   1306 |   1907 |   4331 |   5 | 1891.0 |
         Swamp |   2749 |   2625 |    124 |    348 |   1487 |   4 |  687.2 |
   Spider Nest |   4974 |   4534 |    440 |    590 |   2490 |   4 | 1243.5 |
    Slime Pits |   3608 |   3024 |    584 |    438 |   1879 |   5 |  721.6 |
  Orcish Mines |   1385 |   1022 |    363 |      3 |    706 |   2 |  692.5 |
   Elven Halls |   3824 |   3106 |    718 |    364 |   1709 |   3 | 1274.7 |
        Vaults |   9268 |   7531 |   1737 |    447 |   4713 |   5 | 1853.6 |
         Crypt |   4536 |   3240 |   1296 |    482 |   1573 |   3 | 1512.0 |
          Tomb |   8247 |   7245 |   1002 |   4901 |   1074 |   3 | 2749.0 |
        Depths |   8600 |   5446 |   3154 |    511 |   3330 |   4 | 2150.0 |
          Hell |   1607 |   1465 |    142 |    347 |    662 |   1 | 1607.0 |
           Dis |   3459 |   3273 |    186 |    566 |   1374 |   7 |  494.1 |
       Gehenna |   2957 |   2741 |    216 |    636 |   1245 |   7 |  422.4 |
       Cocytus |   2988 |   2861 |    127 |    881 |    906 |   7 |  426.9 |
      Tartarus |   5303 |   5171 |    132 |   1135 |   2852 |   7 |  757.6 |
           Zot |   6990 |   6039 |    951 |   1427 |   3053 |   5 | 1398.0 |
         Abyss |   2466 |   2466 |      0 |    341 |    958 |   5 |  493.2 |
   Pandemonium |  16014 |  16014 |      0 |   2248 |   8956 |  19 |  842.8 |
       Ossuary |    283 |    283 |      0 |      0 |     47 |   1 |  283.0 |
      Ice Cave |    492 |    492 |      0 |     72 |     37 |   1 |  492.0 |
               +--------+--------+--------+--------+--------+-----+--------+

Top non-repeatable levels by time:
  Tomb:1: 5101 daAuts
   Tar:7: 3541 daAuts
  Lair:5: 3194 daAuts
     D:9: 2896 daAuts
Depths:3: 2669 daAuts
Vaults:5: 2426 daAuts
Depths:4: 2339 daAuts
Depths:2: 2190 daAuts
   Zot:5: 2146 daAuts
Vaults:1: 2003 daAuts
Vaults:3: 1980 daAuts
  Lair:3: 1966 daAuts
  Tomb:2: 1958 daAuts
   Dis:7: 1905 daAuts
   Elf:3: 1902 daAuts
